 Dungeon Crawl Stone Soup version 0.17.0-7-gfadd4cc (webtiles) character file.

61 dorian the Unweaver (level 3, 0/29 HPs)
             Began as a Demonspawn Abyssal Knight on Nov 8, 2015.
             Was a Follower of Lugonu.
             Slain by a goblin
             ... wielding a +1 dagger of speed
             ... led by Robin
              (2 damage)
             ... on level 2 of the Dungeon.
             The game lasted 00:01:52 (1354 turns).

dorian the Unweaver (Demonspawn Abyssal Knight)     Turns: 1354, Time: 00:01:52

Health: 0/29       AC:  3    Str: 13    XL:     3   Next: 83%
Magic:  6/6        EV: 11    Int: 13    God:    Lugonu [*.....]
Gold:   99         SH:  0    Dex: 12    Spells: 0 memorised, 2 levels left

rFire  . . .     SeeInvis .     a - +1 hand axe
rCold  . . .     Clarity  .     b - +0 leather armour
rNeg   . . .     SustAt   .     (no shield)
rPois  .         Gourm    .     (no helmet)
rElec  .         Spirit   .     (no cloak)
rCorr  .         Warding  .     (no gloves)
rMut   .         Stasis   .     (no boots)
MR     .....                    (no amulet)
Stlth  +.........               (no ring)
                                (no ring)

@: not resistant to hostile enchantments, very unstealthy
A: demonic guardian 1
a: Depart the Abyss, Renounce Religion


You were on level 2 of the Dungeon.
You worshipped Lugonu.
Lugonu was aware of your devotion.
You were not hungry.

You visited 1 branch of the dungeon, and saw 2 of its levels.
You visited the Abyss 1 time.

You collected 99 gold pieces.

Inventory:

Hand Weapons
 a - a +1 hand axe (weapon)
Armour
 b - a +0 leather armour (worn)
Scrolls
 d - a scroll of immolation {unknown}
 e - 3 scrolls of identify {unknown}
 f - a scroll of recharging {unknown}
 h - a scroll of remove curse {unknown}
 i - a scroll of noise {unknown}
 k - 3 scrolls of fog {unknown}
Potions
 g - a potion of degeneration {unknown}
 j - a potion of cancellation {unknown}
 l - 2 potions of curing {unknown}
 m - a potion of heal wounds {unknown}
Comestibles
 c - a bread ration


   Skills:
 - Level 3.0 Fighting
 + Level 2.4 Axes
 + Level 2.5 Armour
 - Level 0.8 Dodging
 + Level 4.0 Invocations


You had 2 spell levels left.
You didn't know any spells.

Dungeon Overview and Level Annotations

Branches:
Dungeon (2/15)

Altars:
Nemelex Xobeh

Annotations:
D:2 Robin


Innate Abilities, Weirdness & Mutations

A weak demonic guardian rushes to your aid.


Message History

The goblin shoots a stone.
The stone hits you.
* * * LOW HITPOINT WARNING * * *
You see here a stone.
The goblin shoots a stone.
The stone hits you.
* * * LOW HITPOINT WARNING * * *
You see here a stone.
You hit the hobgoblin.
The hobgoblin is almost dead.
The hobgoblin hits you with a club.
* * * LOW HITPOINT WARNING * * *
The goblin shoots a stone.
The stone completely misses you.
Robin roars a battlecry!
The goblins go into a battle-frenzy!
You see here 2 stones.
The goblin shoots a stone.
The stone barely misses you. Robin throws the goblin at you!
The goblin unwields an uncursed hunting sling.
The goblin wields an uncursed dagger of speed.
The goblin hits you with an uncursed dagger of speed.
You die...

..[.........# #.#.####..##..#
###.#.......# #.#(......##..#
..#.+.......# #.#######.##..#
#.###....(..#####.............#
....).......'.....#######..#.##
#.##....g..)####.#.......#<#.#
#.##.......#<..#.#.#####.#...#
#....)####.###(#.#.# #.#...###
#......##..(g((#@#.# #.......#
#......##...g.(gg#.# #####.#.#
#.......#.######...# #.).#
##....#.#......#..(# #.>##
........######.#...##########.###
#####'''########.................
#####...########...##########.###
#§###...##§§.###.#...............
§§§##.8.#§§§§§##.#####....###.###


You could see Robin, a hobgoblin (frenzied) and a goblin (frenzied).

Vanquished Creatures
  3 adders (D:2)
  An ooze (D:1)
  2 giant geckos (D:1)
  2 bats (D:1)
  9 goblins
  5 kobolds
  3 ball pythons (D:1)
  4 jackals (D:2)
  A quokka (D:2)
30 creatures vanquished.

Vanquished Creatures (collateral kills)
  A goblin (D:2)
  A hobgoblin (D:2)
2 creatures vanquished.

Grand Total: 32 creatures vanquished

Notes
Turn   | Place    | Note
--------------------------------------------------------------
     0 | Abyss:1  | dorian the Demonspawn Abyssal Knight began the quest for the Orb.
     0 | Abyss:1  | Reached XP level 1. HP: 18/18 MP: 2/2
    79 | Abyss:1  | Noticed a raiju
    82 | D:1      | Escaped the Abyss
   231 | D:1      | Reached * piety under Lugonu
   231 | D:1      | Gained mutation: A weak demonic guardian rushes to your aid. [demonic ancestry]
   231 | D:1      | Reached XP level 2. HP: 20/24 MP: 2/4
   727 | D:2      | Reached XP level 3. HP: 16/29 MP: 5/5
   943 | D:2      | Found a sparkling altar of Nemelex Xobeh.
  1004 | D:2      | Noticed Robin
  1089 | D:2      | Reached skill level 4 in Invocations
  1354 | D:2      | Slain by a goblin

Action                   || total
-------------------------++-------
Melee: Hand axe          ||    90
Invok: Depart the Abyss  ||     1
  Eat: Chunk             ||     2
